 Dungeon Crawl Stone Soup version 0.18-a0-921-g28655ce (webtiles) character file.

28679 rgaf the Carver (level 13, -1/116 HPs)
             Began as a Minotaur Hunter on Dec 28, 2015.
             Was a High Priest of Okawaru.
             Slain by an eight-headed hydra (8 damage)
             ... on level 6 of the Lair of Beasts.
             The game lasted 00:43:28 (21127 turns).

rgaf the Carver (Minotaur Hunter)                  Turns: 21127, Time: 00:43:28

Health: -1/116     AC: 13    Str: 16    XL:     13   Next: 11%
Magic:  12/12      EV: 13    Int: 15    God:    Okawaru [*****.]
Gold:   665        SH:  4    Dex: 13    Spells: 0 memorised, 12 levels left

rFire  . . .     SeeInvis .     a - +1 arbalest (flame)
rCold  . . .     Gourm    .     H - +0 chain mail {rPois}
rNeg   . . .     Faith    .     (shield currently unavailable)
rPois  +         Spirit   .     K - +0 hat {MR+}
rElec  .         Dismiss  .     A - +0 cloak
rCorr  .         Reflect  +     (no gloves)
SustAt .         Harm     .     (no boots)
MR     ++...                    W - amulet of the Falcon {Reflect Int+3 SH+4}
Stlth  ..........               i - ring of protection from magic
                                l - +5 ring of evasion

@: about to teleport, very resistant to hostile enchantments, extremely
unstealthy
A: retaliatory headbutt, horns 2
a: Heroism, Finesse, Renounce Religion


You were on level 6 of the Lair of Beasts.
You worshipped Okawaru.
Okawaru was extremely pleased with you.
You were near starving.

You visited 3 branches of the dungeon, and saw 17 of its levels.

You collected 859 gold pieces.
You spent 194 gold pieces at shops.

Inventory:

Hand Weapons
 a - a +1 arbalest of flaming (weapon)
 b - a +3 triple sword of holy wrath
Missiles
 d - 28 bolts (quivered)
 j - 17 bolts of penetration
 u - 15 bolts of flame
 v - 22 bolts of frost
 M - 36 silver bolts
 T - 22 poisoned bolts
Armour
 y - an ice dragon hide
 A - a +0 cloak (worn)
 H - a +0 chain mail of poison resistance (worn)
 K - a +0 hat of magic resistance (worn)
Jewellery
 e - the amulet of Cekugob {Dismiss -Tele rElec rPois rN++ AC+1 EV+1}
   (You found it on level 1 of the Lair of Beasts)

   [amulet of dismissal]

   It may teleport away creatures that harm you.
   It affects your AC (+1).
   It affects your evasion (+1).
   It insulates you from electricity.
   It protects you from poison.
   It greatly protects you from negative energy.
   It prevents most forms of teleportation.
 i - a ring of protection from magic (right hand)
 l - a +5 ring of evasion (left hand)
 m - an uncursed amulet of guardian spirit
 W - the amulet of the Falcon (around neck) {Reflect Int+3 SH+4}
   (You found it on level 4 of the Lair of Beasts)

   [amulet of reflection]

   It shields you and reflects attacks.
   It affects your intelligence (+3).
   It affects your SH (+4).
Wands
 c - a wand of flame (42/48)
 n - a wand of teleportation (6/9)
 p - a wand of slowing (40/48)
 x - a wand of cold (2/15)
 G - a wand of digging (6/24)
 I - a wand of invisibility (5/9)
 R - a wand of digging (19/24)
 V - a wand of invisibility (4/9)
Scrolls
 g - 5 scrolls of remove curse
 o - a scroll of enchant armour
 r - a scroll of enchant weapon
 t - 2 scrolls of amnesia
 C - 2 scrolls of noise
 S - 2 scrolls of recharging
Potions
 k - 5 potions of curing
 q - 2 potions of haste {unknown}
 w - 3 potions of brilliance {unknown}
 B - 2 potions of agility
 D - a potion of might {unknown}
 E - a potion of cancellation
 F - 4 potions of flight
 N - 2 potions of berserk rage {unknown}
 O - a potion of magic {unknown}
 P - a potion of poison {unknown}
 Q - a potion of mutation {unknown}
 X - a potion of lignification {unknown}
 Z - a potion of cure mutation {unknown}
Books
 L - a book of Clouds

   Spells                             Type                      Level
   a - Mephitic Cloud                 Conjuration/Poison/Air       3
   b - Conjure Flame                  Conjuration/Fire             3
   c - Poisonous Cloud                Conjuration/Poison/Air       6
   d - Freezing Cloud                 Conjuration/Ice/Air          6
   e - Ring of Flames                 Charms/Fire                  7
Comestibles
 f - 8 bread rations
 h - 5 meat rations
 s - 6 beef jerkies
 z - 4 fruits
 J - 2 royal jellies


   Skills:
 + Level 11.6 Fighting
 * Level 14.5 Long Blades
 + Level 14.0 Crossbows
 + Level 11.2 Armour
 - Level 2.1 Dodging
 - Level 0.7 Stealth


You had 12 spell levels left.
You didn't know any spells.

Dungeon Overview and Level Annotations

Branches:
Dungeon (10/15)            Temple (1/1) D:4            Lair (6/8) D:9
  Swamp (0/4) Lair:4        Snake (0/4) Lair:6          Orc (0/2) D:10
  Slime: Lair:6-8

Altars:
Ashenzari
Cheibriados
Dithmenos
Elyvilon
Fedhas
Gozag
Kikubaaqudgha
Makhleb
Nemelex Xobeh
Okawaru
Pakellas
Qazlal
Ru
Sif Muna
Trog
Vehumet
Xom
Yredelemnul
Zin
The Shining One

Shops:
D:4 *   D:10 ([

Annotations:
D:2 Sigmund
D:7 cat's ghost, novice HOFi


Innate Abilities, Weirdness & Mutations

You reflexively headbutt those who attack you in melee.
You have a pair of horns on your head.


Message History

You block the eight-headed hydra's attack.
The eight-headed hydra bites you.
* * * LOW HITPOINT WARNING * * *
The eight-headed hydra bites you but does no damage.
You block the eight-headed hydra's attack.
The eight-headed hydra barely misses you.
Read which item? (? for menu, Esc to quit)
As you read the scroll of teleportation, it crumbles to dust.
You feel strangely unstable.
The eight-headed hydra bites you but does no damage. x3
The eight-headed hydra misses you.
The eight-headed hydra barely misses you. x2
You block the eight-headed hydra's attack.
The eight-headed hydra bites you!
* * * LOW HITPOINT WARNING * * *
Drink which item? (? for menu, Esc to quit)
You feel better. The eight-headed hydra bites you.
* * * LOW HITPOINT WARNING * * *
The eight-headed hydra bites you!
You die...

#.................
#.................
#......P..........
##.....#..........
#.#...#..........
###..............
####P...........#.
#PP......(.......#
#@D..((..(.......#
###(..............
#................
##......(.........
##....((...........
##).........##......
#.........(.##....h.
##...........####...
###..............†...


You could see an eight-headed hydra.

Vanquished Creatures
  Snorg (Lair:4)
  Josephine (Lair:5)
  Erolcha (D:9)
  Harold (Lair:4)
  A lindwurm (Lair:4)
  A griffon (Lair:4)
  7 spiny frogs
  3 black mambas
  Psyche (D:8)
  6 komodo dragons
  3 fire drakes
  10 blink frogs
  32 yaks
  3 wyverns (Lair:6)
  5 wraiths (Lair:5)
  6 basilisks
  A steam dragon (Lair:4)
  A human (D:7)
  A hog (D:7)
  7 hippogriffs
  Menkaure (D:6)
  8 wolves
  The ghost of sugabear the Cudgeler, an amateur VSGl (D:4)
  2 hell hounds (Lair:6)
  9 water moccasins
  16 porcupines
  A sky beast (D:10)
  A black bear (Lair:4)
  2 ice beasts
  4 ogres
  4 orc warriors
  3 phantoms
  A centaur (D:10)
  8 crocodiles
  15 giant frogs
  A gnoll sergeant (D:9)
  3 scorpions
  8 wights
  A quasit (D:8)
  An electric eel (Lair:4)
  10 orc wizards
  3 crimson imps
  A centaur skeleton (D:5)
  9 iguanas
  2 giant frog skeletons
  2 hounds
  6 worker ants
  Jessica (D:4)
  Ijyb (D:3)
  Natasha (D:2)
  Terence (D:2)
  2 killer bee zombies
  16 sheep
  2 hound skeletons (D:8)
  A worker ant zombie (D:10)
  10 adders
  6 gnolls (D:9)
  A shadow imp (D:9)
  56 river rats
  3 oozes
  An adder skeleton (D:4)
  A worm (D:2)
  5 giant geckos
  27 orcs
  3 giant cockroaches
  7 goblins
  10 hobgoblins
  7 quokkas
  4 ball pythons
  11 bats
  A giant gecko skeleton (D:5)
  A giant newt (D:5)
  13 jackals
  A jackal skeleton (D:7)
  8 kobolds
  13 rats
  2 fungi
431 creatures vanquished.

Vanquished Creatures (others)
  18 fungi
  7 plants
25 creatures vanquished.

Grand Total: 456 creatures vanquished

Notes
Turn   | Place    | Note
--------------------------------------------------------------
     0 | D:1      | rgaf the Minotaur Hunter began the quest for the Orb.
     0 | D:1      | Reached XP level 1. HP: 18/18 MP: 0/0
   222 | D:1      | Reached skill level 1 in Armour
   359 | D:1      | Reached XP level 2. HP: 20/25 MP: 1/1
   841 | D:1      | Reached skill level 5 in Crossbows
   841 | D:1      | Reached XP level 3. HP: 24/30 MP: 2/2
  1358 | D:2      | Noticed Natasha
  1449 | D:2      | Found a sacrificial altar of Ru.
  1502 | D:2      | Found a shimmering altar of Xom.
  1502 | D:2      | Found a glowing silver altar of Zin.
  1563 | D:2      | Noticed Sigmund
  2029 | D:2      | Reached XP level 4. HP: 38/38 MP: 3/3
  2089 | D:2      | Killed Natasha
  2130 | D:2      | Noticed Terence
  2145 | D:2      | Killed Terence
  2146 | D:2      | Reached XP level 5. HP: 28/45 MP: 2/4
  2291 | D:3      | Noticed Ijyb
  2310 | D:3      | Killed Ijyb
  2310 | D:3      | Reached skill level 6 in Crossbows
  2997 | D:3      | Reached XP level 6. HP: 49/52 MP: 5/5
  3355 | D:4      | Noticed sugabear's ghost (amateur VSGl)
  3584 | D:4      | Found Mewylim's Assorted Antiques.
  3585 | D:4      | Reached skill level 7 in Crossbows
  3706 | D:4      | Reached XP level 7. HP: 60/60 MP: 6/6
  3718 | D:4      | Found a staircase to the Ecumenical Temple.
  3728 | Temple   | Entered the Ecumenical Temple
  4031 | D:4      | Killed sugabear's ghost
  4031 | D:4      | Reached skill level 5 in Fighting
  4369 | D:4      | Found a sparkling altar of Nemelex Xobeh.
  4369 | D:4      | Noticed Jessica
  4375 | D:4      | Killed Jessica
  4375 | D:4      | Reached skill level 8 in Crossbows
  4821 | D:5      | Entered Level 5 of the Dungeon
  4891 | D:5      | Reached skill level 5 in Armour
  5131 | D:5      | Found a blossoming altar of Fedhas.
  5138 | D:5      | Found an ancient bone altar of Kikubaaqudgha.
  5289 | D:5      | Reached XP level 8. HP: 70/70 MP: 7/7
  5747 | D:6      | Noticed Menkaure
  5754 | D:6      | Killed Menkaure
  5754 | D:6      | Reached skill level 9 in Crossbows
  6923 | D:7      | Reached skill level 10 in Crossbows
  6939 | D:7      | Reached XP level 9. HP: 57/79 MP: 6/8
  6987 | D:7      | Noticed cat's ghost (novice HOFi)
  7646 | D:8      | Found an iron altar of Okawaru.
  7649 | D:8      | Found a snail-covered altar of Cheibriados.
  7649 | D:8      | Found an opulent altar of Gozag.
  7652 | D:8      | Found a shattered altar of Ashenzari.
  7654 | D:8      | Became a worshipper of Warmaster Okawaru
  7674 | D:8      | Found a bloodstained altar of Trog.
  7730 | D:8      | Noticed Psyche
  7741 | D:8      | Killed Psyche
  7773 | D:8      | Reached skill level 11 in Crossbows
  8008 | D:8      | Found a burning altar of Makhleb.
  8513 | D:9      | Reached * piety under Okawaru
  8947 | D:9      | Reached XP level 10. HP: 68/90 MP: 9/9
  9024 | D:9      | Reached skill level 12 in Crossbows
  9058 | D:9      | Reached ** piety under Okawaru
  9368 | D:9      | Found a staircase to the Lair.
  9755 | D:9      | Noticed Erolcha
  9764 | D:9      | Killed Erolcha
  9764 | D:9      | Reached *** piety under Okawaru
  9764 | D:9      | Received a gift from Okawaru
  9985 | D:9      | Found a white marble altar of Elyvilon.
 10041 | D:9      | Reached skill level 13 in Crossbows
 10317 | D:10     | Entered Level 10 of the Dungeon
 10322 | D:10     | Found a shimmering altar of Xom.
 10324 | D:10     | Found a shimmering altar of Xom.
 10324 | D:10     | Found a shimmering altar of Xom.
 10378 | D:10     | Found a staircase to the Orcish Mines.
 10378 | D:10     | Found Eproliq's Weapon Shoppe.
 10406 | D:10     | Reached skill level 10 in Fighting
 10425 | D:10     | Received a gift from Okawaru
 10592 | D:10     | Found Dyr Imy's Armour Shoppe.
 10604 | D:10     | Bought a +0 cloak for 67 gold pieces
 10604 | D:10     | Bought a +0 chain mail of poison resistance for 127 gold pieces
 11126 | Lair:1   | Entered Level 1 of the Lair of Beasts
 11552 | Lair:1   | Reached XP level 11. HP: 101/101 MP: 10/10
 11558 | Lair:1   | Reached skill level 10 in Armour
 11571 | Lair:1   | Reached **** piety under Okawaru
 11822 | Lair:1   | Reached skill level 1 in Long Blades
 12089 | Lair:1   | Received a gift from Okawaru
 12756 | Lair:2   | Reached skill level 5 in Long Blades
 13899 | Lair:3   | Noticed a five-headed hydra
 14147 | Lair:3   | Reached ***** piety under Okawaru
 14445 | Lair:3   | Received a gift from Okawaru
 15388 | Lair:4   | Reached skill level 10 in Long Blades
 15390 | Lair:4   | Got an ancient zirconium amulet
 15399 | Lair:4   | Identified the amulet of the Falcon {Reflect Int+3 SH+4} (You found it on level 4 of the Lair of Beasts)
 15669 | Lair:4   | Received a gift from Okawaru
 15941 | Lair:4   | Reached XP level 12. HP: 77/107 MP: 11/11
 16051 | Lair:4   | Noticed Snorg
 16295 | Lair:4   | Noticed Harold
 16479 | Lair:4   | Received a gift from Okawaru
 16596 | Lair:4   | Killed Harold
 16671 | Lair:4   | Received a gift from Okawaru
 16845 | Lair:4   | Found a staircase to the Swamp.
 16862 | Lair:4   | Killed Snorg
 17811 | Lair:5   | Noticed Josephine
 18613 | Lair:5   | Killed Josephine
 18613 | Lair:5   | Received a gift from Okawaru
 19821 | Lair:6   | Found a staircase to the Snake Pit.
 20106 | Lair:6   | Reached skill level 14 in Long Blades
 20742 | Lair:6   | Received a gift from Okawaru
 20745 | Lair:6   | Reached XP level 13. HP: 90/116 MP: 12/12
 21125 | Lair:6   | HP: 5/116 [eight-headed hydra (11)]
 21127 | Lair:6   | Slain by an eight-headed hydra

Vault maps used:
D:1:      minmay_arrival_nine_rooms, minmay_misc_feat_iff
D:2:      wad_pebble_path, minitemple, grunt_ministairs_2, uniq_sigmund,
          uniq_natasha, uniq_terence
D:3:      first_bread, amalloy_card_club, uniq_iyjb
D:4:      minmay_temple_entry_purple_smoke, serial_shops, nicolae_shop_stone,
          nemelex_lonely_heart_becter
D:5:      grunt_temple_overflow_growth_and_decay
D:6:      uniq_menkaure
D:7:      st_stairs_13, grunt_livestock
D:8:      nicolae_overflow_crystal_walls, lemuel_doored_altar,
          grunt_temple_overflow_open, kennysheep_generic_room_15, uniq_psyche
D:9:      nicolae_overflow_hidden_temple, minmay_lair_entry_grove, uniq_erolcha
D:10:     orc_david_3, kennysheep_crisscross, xom_redecorated
Temple:   minmay_temple_bridge_d_8
Lair:1:   st_stairs_4, serial_bayou_shore_b
Lair:2:   serial_bayou_shore_b
Lair:4:   swamp_mist_pool, uniq_harold, uniq_snorg
Lair:5:   portal_ice_cave_entry_pillars_01, grunt_megastairs_1,
          serial_bayou_shore_b, uniq_josephine
Lair:6:   dummy_snake_entry, enter_volcano_2, special_room

Action                   |  1- 3 |  4- 6 |  7- 9 | 10-12 | 13-15 || total
-------------------------+-------+-------+-------+-------+-------++-------
Melee: Short sword       |    34 |       |       |       |       ||    34
       Dagger            |    55 |   113 |   141 |       |       ||   309
       Unarmed           |       |     3 |       |       |       ||     3
       Long sword        |       |       |    71 |    30 |       ||   101
       Great sword       |       |       |       |   530 |       ||   530
       Triple sword      |       |       |       |   142 |    31 ||   173
 Fire: Hand crossbow     |    10 |    10 |   202 |   268 |       ||   490
       Arbalest          |       |       |       |       |    19 ||    19
Invok: Heroism           |       |       |       |     1 |       ||     1
Evoke: Wand              |       |       |       |     5 |     1 ||     6
  Use: Scroll            |     3 |       |       |    26 |     2 ||    31
       Potion            |       |       |       |     4 |     2 ||     6
  Eat: Chunk             |     3 |     3 |    15 |    20 |     1 ||    42
       Fruit             |       |     2 |     3 |     4 |       ||     9
       Pizza             |       |       |       |     9 |       ||     9
